 Dungeon Crawl Stone Soup version 0.24-a0-181-gd121a6d (webtiles) character file.

Game seed: 14016093346796213373

396 Ijustatesigmund the Conjurer (level 6, -3/42 HPs)
             Began as an Octopode Wizard on Mar 14, 2019.
             Killed from afar by an orc wizard (8 damage)
             ... with a magic dart
             ... on level 4 of the Dungeon.
             The game lasted 00:13:00 (5247 turns).

Ijustatesigmund the Conjurer (Octopode Wizard)      Turns: 5247, Time: 00:13:00

Health: -3/42      AC:  1    Str:  7    XL:     6   Next: 83%
Magic:  10/10      EV: 13    Int: 20    God:
Gold:   203        SH:  0    Dex: 12    Spells: 5/11 levels left

rFire    + . .     SeeInvis .   d - +2 halberd (protect)
rCold    . . .     Gourm    .   (shield currently unavailable)
rNeg     . . .     Faith    .   a - +0 hat
rPois    .         Spirit   .   (no amulet)
rElec    .         Reflect  .   b - ring of protection from cold
rCorr    .         Harm     .   g - ring of fire
MR       .....                  (no ring)
Stlth    ++........             (no ring)
HPRegen  0.14/turn              (no ring)
MPRegen  0.12/turn              (no ring)
                                (no ring)
                                (no ring)

@: confused
A: almost no armour, stealthy swim, amphibious, 8 rings, constrict 8, camouflage
1, gelatinous body 1
a: no special abilities


You were on level 4 of the Dungeon.
You were not hungry.

You visited 1 branch of the dungeon, and saw 4 of its levels.

You collected 203 gold pieces.

Inventory:

Hand Weapons
 d - a +2 halberd of protection (weapon)
 p - a +2 mace of crushing
Armour
 a - a +0 hat (worn)
Jewellery
 b - a ring of protection from cold (left tentacle)
 g - a ring of fire (right tentacle)
 o - an uncursed amulet of regeneration
Wands
 e - a wand of digging (8)
Scrolls
 k - 3 scrolls of identify
 n - 2 scrolls of enchant weapon
 q - a scroll of magic mapping
 r - a scroll of blinking
Potions
 f - a potion of mutation
 h - 2 potions of lignification
 m - a potion of flight
Comestibles
 c - 7 rations


   Skills:
 + Level 3.6 Fighting
 - Level 2.0 Dodging
 - Level 2.6 Stealth
 - Level 3.0 Spellcasting
 + Level 4.0 Conjurations
   Level 1.0 Summonings
 + Level 3.7 Translocations


You had 5 spell levels left.
You knew the following spells:

 Your Spells              Type           Power        Failure   Level  Hunger
a - Magic Dart            Conj           ###.         2%          1    None
b - Blink                 Tloc           N/A          4%          2    ##.....
c - Conjure Flame         Conj/Fire      ###.....     19%         3    ###....

Your spell library contained the following spells:

 Spells                   Type           Power        Failure   Level  Hunger
 Call Imp                 Summ           #.......     14%         2    ##.....
 Slow                     Hex            #.......     22%         2    ##.....
 Mephitic Cloud           Conj/Pois/Air  #.......     24%         3    ###....


Dungeon Overview and Level Annotations

Branches:
Dungeon (4/15)
 Temple: D:4-7

Altars:
Cheibriados
Ru


Innate Abilities, Weirdness & Mutations

You cannot wear most types of armour.
You are very stealthy in the water. (Stealth+)
You are amphibious.
You can wear up to eight rings at the same time.
You can use your tentacles to constrict eight enemies at once.
Your skin changes colour to match your surroundings (Stealth+).
Your rubbery body absorbs attacks. (AC +1, EV +1)


Message History

Your weapon exudes an aura of protection.
Something hits you but does no damage.
You hear some strange, mumbled words.
You are confused.
You miss something. Your squeeze misses something.
You hear some strange, mumbled words.
A puff of flame appears from out of thin air!
The puff of flame misses you.
You miss something. Something hits you.
* * * LOW HITPOINT WARNING * * *
Something hits you.
* * * LOW HITPOINT WARNING * * *
You barely miss something. Your squeeze misses something. Something hits you.
* * * LOW HITPOINT WARNING * * *
You closely miss something. Something hits you.
* * * LOW HITPOINT WARNING * * *
You hear some strange, mumbled words.
A magic dart appears from out of thin air!
The magic dart hits you!
You die...

...........# #### #.##
..........## ##..##
##.# ..........#
##....# ##.##
#.........## #.....##
#..#
...........####......#
##.##
........###..##.....##
#..# ...######
###.)..#### ##.## ..##
##.{### ###..# ..#
###@.#####....## .##
##..##.......# .#
##..........# ##
#[..........## #
#............# #
##...........# #
##.........##
###.......# ####...##


There were no monsters in sight!

Vanquished Creatures
  An ogre (D:2)
  2 orc priests (D:4)
  Jessica (D:3)
  3 worker ants
  Robin (D:2)
  2 adders (D:3)
  A gnoll (D:1)
  An ooze (D:1)
  2 worms (D:3)
  3 dart slugs
  4 leopard geckos
  8 orcs
  3 ball pythons
  6 bats
  A giant cockroach (D:1)
  13 goblins
  13 hobgoblins
  4 jackals (D:2)
  6 kobolds
  A quokka (D:3)
  5 frilled lizards
  A jackal skeleton (D:4)
  8 rats
90 creatures vanquished.

Notes
Turn   | Place    | Note
-------+----------+-------------------------------------------
     0 | D:1      | Ijustatesigmund the Octopode Wizard began the quest for the
                  | Orb.
     0 | D:1      | Reached XP level 1. HP: 11/11 MP: 4/4
   528 | D:1      | Reached XP level 2. HP: 18/18 MP: 0/6
   532 | D:1      | Learned a level 2 spell: Blink
  1068 | D:1      | Reached skill level 1 in Fighting
  1108 | D:1      | Reached skill level 2 in Conjurations
  1108 | D:1      | Reached XP level 3. HP: 21/23 MP: 0/7
  2074 | D:2      | Reached XP level 4. HP: 29/29 MP: 2/8
  2083 | D:2      | Learned a level 3 spell: Conjure Flame
  2220 | D:2      | Noticed Robin
  2227 | D:2      | Killed Robin
  2522 | D:2      | Noticed an ogre
  2531 | D:2      | Killed an ogre
  2531 | D:2      | Reached skill level 3 in Conjurations
  2531 | D:2      | Reached XP level 5. HP: 35/35 MP: 3/9
  2748 | D:3      | Noticed Jessica
  3038 | D:3      | Killed Jessica
  3409 | D:3      | Reached XP level 6. HP: 42/42 MP: 10/10
  3705 | D:3      | Found a sacrificial altar of Ru.
  4005 | D:3      | Found a snail-covered altar of Cheibriados.
  5203 | D:4      | Reached skill level 4 in Conjurations
  5247 | D:4      | Killed from afar by an orc wizard

Levels and vault maps discovered:
D:1:      dpeg_arrival_stone_temple_mockup, layout_basic
D:2:      kb_forest_paths, layout_basic, kennysheep_generic_room_3, uniq_robin
D:3:      layout_loops_ring, kennysheep_slug_shrine, first_ration,
          nicolae_ru_awakened_eye, uniq_jessica
D:4:      layout_cave_pods, nicolae_overflow_crystal_walls,
          corexii_hall_statues_t, roderic_cross_of_infinity

Skill      XL: |  1  2  3  4  5  6 |
---------------+-------------------+-----
Fighting       | 1 2 3 |  3.6
Conjurations   | 2 3 4 |  4.0
Translocations | 2 3 |  3.7
Dodging        | |  2.0
Stealth        | |  2.6
Spellcasting   | |  3.0
Summonings     | |  1.0

Action                   |  1- 3 |  4- 6 || total
-------------------------+-------+-------++-------
Melee: Unarmed           |     3 |       ||     3
       Tentacles         |     2 |     9 ||    11
       Club              |     2 |       ||     2
       Halberd           |    45 |    83 ||   128
       Constrict         |     7 |    13 ||    20
 Cast: Magic Dart        |    56 |    70 ||   126
       Blink             |       |     1 ||     1
  Use: Potion            |     1 |     3 ||     4
       Scroll            |     7 |     8 ||    15
 Stab: Sleeping          |     4 |     8 ||    12
  Eat: Chunk             |     4 |     9 ||    13
Armor: Skin              |     9 |    18 ||    27
Dodge: Dodged            |    31 |    74 ||   105

Table legend:
 A = Non-vault XP
 B = Vault XP
 C = Vault XP percentage of total XP
 D = Non-vault monster count
 E = Vault monster count
 F = Vault count percentage of total count
                 A         B        C        D         E       F
            +---------+---------+-------+---------+---------+-------
      Total |     366 |     201 |  35.4 |      71 |      19 |  21.1
            +---------+---------+-------+---------+---------+-------
        D:1 |      67 |       0 |   0.0 |      26 |       0 |   0.0
        D:2 |      15 |     160 |  91.4 |       9 |      17 |  65.4
        D:3 |     105 |      41 |  28.1 |      22 |       2 |   8.3
        D:4 |     179 |       0 |   0.0 |      14 |       0 |   0.0
            +---------+---------+-------+---------+---------+-------
